 Dungeon Crawl Stone Soup version bcrawl-1.23 (webtiles) character file.

Game seed: 4292886318784752478

93 Chiseanne the Conjurer (level 4, 0/33 HPs)
             Began as a Centaur Venom Mage on May 23, 2020.
             Slain by a jackal (3 damage)
             ... on level 4 of the Dungeon.
             The game lasted 00:10:01 (2008 turns).

Chiseanne the Conjurer (Centaur Venom Mage)         Turns: 2008, Time: 00:10:01

Health: 0/33       AC:  4    Str: 11    XL:     4   Next: 37%
Magic:  2/8        EV:  9    Int: 15    God:
Gold:   143        SH:  0    Dex:  9    Spells: 5/8 levels left

rFire    . . .     SeeInvis .   a - +0 spear
rCold    . . .     Gourm    .   (no shield)
rNeg     . . .     Faith    .   b - +0 robe
rPois    .         Spirit   .   (no helmet)
rElec    .         Reflect  .   (no cloak)
rCorr    .         Harm     .   (no gloves)
MR       .....                  (no barding)
Stlth    +.........             (no amulet)
HPRegen  0.11/turn              (no ring)
MPRegen  0.11/turn              (no ring)

@: very quick
A: large, hooves 3, deformed body, speed 2, tough skin 3
a: no special abilities


You were on level 4 of the Dungeon.
You were not hungry.

You visited 1 branch of the dungeon, and saw 4 of its levels.

You collected 143 gold pieces.

Inventory:

Hand Weapons
 a - a +0 spear (weapon)
Missiles
 f - 178 poisoned needles
 k - 399 sling bullets
 r - 43 bolts
Armour
 b - a +0 robe (worn)
 h - a +0 ring mail
Scrolls
 i - 2 scrolls of teleportation
 j - a scroll of enchant weapon
 l - 2 scrolls of identify
 q - a scroll of magic mapping {unknown}
Potions
 c - a potion of berserk rage
 d - 2 potions of degeneration
 g - a potion of cancellation {unknown}
 m - a potion of magic
 o - a potion of agility
 p - 2 potions of heal wounds {unknown}
Comestibles
 e - 4 rations {!d}


   Skills:
 - Level 1.3 Dodging
 - Level 1.2 Stealth
 * Level 2.7 Spellcasting
 * Level 2.7 Conjurations
 * Level 0.1 Air Magic
 * Level 2.4 Poison Magic


You had 5 spell levels left.
You knew the following spells:

 Your Spells              Type           Power        Failure   Level  Hunger
a - Sting                 Conj/Pois      #...         7%          1    #......
b - Poisonous Vapours     Pois/Air       #.....       19%         2    ##.....

Your spell library contained the following spells:

 Spells                   Type           Power        Failure   Level  Hunger
 Ignite Poison            Fire/Tmut/Pois #.......     41%         3    ###....
 Olgreb's Toxic Radiance  Pois           #........    58%         4    #####..
 Summon Scorpions         Summ/Pois      #.......     77%         4    #####..
 Venom Bolt               Conj/Pois      #.........   89%         5    ######.


Dungeon Overview and Level Annotations

Branches:
Dungeon (4/12)
 Temple: D:4-7

Altars:
Fedhas

Shops:
D:4 :

Annotations:
D:1 1 runed door
D:4 Blork the orc


Innate Abilities, Weirdness & Mutations

You have hooves in place of feet.
Armour fits poorly on your strangely shaped body.
You cover ground very quickly.
You have extremely tough skin. (AC +3)


Message History

The jackal barks!
You hear a bark! x3
The jackal bites you.
* * * LOW HITPOINT WARNING * * *
Blork the orc shouts!
Blork the orc screams, "You are the ugliest creature I've ever seen!"
Blork the orc looks braver for a moment.
A jackal comes into view.
The jackal bites you but does no damage.
Blork the orc roars repeatedly.
Blork the orc screams, "I'll break your arms!"
Found 7 gold pieces.
A jackal comes into view.
Blork the orc looks satisfied for a moment.
The jackal barks!
You hit the jackal.
The jackal is severely wounded.
The jackal bites you.
* * * LOW HITPOINT WARNING * * *
The jackal bites you.
You die...

.# ..... ##. #.# #...# #..
... #..$# #.. #.# #...# #..
#.# ...# #.. #.# ..#
#..##.## #... #h# #.......
.... #@# #......o ... #.#
######..#### #.# #o#
........#
#.######h###.#######.#
####...h...h....#######.###
#.........................##
#.........!....r..####...
#.#####.#########..r.#.∩.
#.# #.#########.##....)


You could see Blork the orc and 3 jackals.

Vanquished Creatures
  A gnoll (D:3)
  2 adders (D:3)
  An ooze (D:2)
  A worm (D:4)
  3 dart slugs (D:2)
  4 leopard geckos
  2 orcs
  2 ball pythons
  2 bats (D:2)
  3 giant cockroaches (D:2)
  6 goblins
  7 hobgoblins
  2 kobolds (D:2)
  2 quokkas (D:2)
  2 frilled lizards
  A jackal skeleton (D:3)
  2 rats (D:2)
  A fungus (D:4)
44 creatures vanquished.

Notes
Turn   | Place    | Note
-------+----------+-------------------------------------------
     0 | D:1      | Chiseanne the Centaur Venom Mage began the quest for the
                  | Orb.
     0 | D:1      | Reached XP level 1. HP: 14/14 MP: 3/3
     1 | D:1      | Found a runed door.
    28 | D:1      | Reached skill level 1 in Conjurations
   127 | D:2      | Reached XP level 2. HP: 14/20 MP: 0/4
   697 | D:2      | Reached XP level 3. HP: 25/26 MP: 0/6
  1215 | D:4      | Found a blossoming altar of Fedhas.
  1471 | D:4      | Reached XP level 4. HP: 32/33 MP: 2/7
  1736 | D:4      | Found Myerr's Book Shop.
  1764 | D:4      | Learned a level 2 spell: Poisonous Vapours
  1781 | D:4      | Noticed Blork the orc
  2008 | D:4      | Slain by a jackal

Skill      XL: |  1  2 |
---------------+-------+-----
Conjurations   | 1 2 |  2.7
Spellcasting   | 2 |  2.7
Dodging        | |  1.3
Stealth        | |  1.2
Air Magic      | |  0.1
Poison Magic   | |  2.4

Action                   |  1- 3 |  4- 6 || total
-------------------------+-------+-------++-------
Melee: Dagger            |    66 |     5 ||    71
       Kick              |    17 |     2 ||    19
       Spear             |       |    19 ||    19
 Cast: Sting             |    61 |    37 ||    98
  Use: Scroll            |     5 |       ||     5
  Eat: Chunk             |     1 |     3 ||     4
Armor: Robe              |    31 |    12 ||    43
Dodge: Dodged            |    54 |    22 ||    76
